 Dungeon Sprint DCSS version 0.27-a0-223-ge082b6e869 (webtiles) character file.

Game seed: 936551189153938919

112068 mhtbhm the Minotaur Barricade (level 16, -8/273 HPs)
             Began as a Minotaur Fighter on Feb 2, 2021.
             Was the Champion of Trog.
             Mangled by the Serpent of Hell (10 damage)
             ... in the Dungeon (Sprint VII: "The Pits").
             The game lasted 00:16:07 (8044 turns).

mhtbhm the Minotaur Barricade (Minotaur Fighter)    Turns: 8044, Time: 00:16:07

Health: -8/273     AC: 40    Str: 26    XL:     16   Next: 10%
Magic:  15/15      EV: 11    Int:  5    God:    Trog [******]
Gold:   35         SH: 24    Dex: 12    Spells: 15/15 levels left

rFire    + . .     SeeInvis +   a - +7 broad axe of the Common Good {flame, rPois}
rCold    + + .     Faith    .   c - +0 kite shield
rNeg     + . .     Spirit   .   b - +2 crystal plate armour
rPois    +         Reflect  +   (helmet restricted)
rElec    +         Harm     .   s - +1 cloak
rCorr    .         Rampage  .   o - +1 pair of gloves
Will     +....     NoTele   +   r - +2 pair of boots
Stlth    ..........             D - amulet of reflection
HPRegen  0.55/turn              B - ring of Nassamen {rElec rF+ rC++ rN+ SInv}
MPRegen  0.14/turn              w - ring of poison resistance

@: berserking, very quick
A: retaliatory headbutt, horns 2
a: Renounce Religion, Berserk, Trog's Hand, Brothers in Arms


You were in the Dungeon.
You worshipped Trog.
Trog was exalted by your worship.
You visited 1 branch You collected 35 gold pieces.

Inventory:

Hand Weapons
 a - the +7 broad axe of the Common Good (weapon) {flame, rPois}
   (Trog gifted it to you in the Dungeon)

   It has been specially enchanted to burn those struck by it, causing extra
   injury to most foes and up to half again as much damage against particularly
   susceptible opponents.
   Big, fiery blades are also staple armaments of hydra-hunters.
   It protects you from poison.
 k - the +12 dire flail "Cunwy" {vorpal, rC- rN++}
   (You found it in the Dungeon)

   It inflicts extra damage upon your enemies.
   It makes you vulnerable to cold.
   It greatly protects you from negative energy.
Missiles
 t - 2 throwing nets (quivered)
 C - 19 javelins
Armour
 b - a +2 crystal plate armour (worn)
 c - a +0 kite shield (worn)
 o - a +1 pair of gloves (worn)
 r - a +2 pair of boots (worn)
 s - a +1 cloak (worn)
 v - +0 pearl dragon scales
Jewellery
 w - a ring of poison resistance (right hand)
 B - the ring of Nassamen (left hand) {rElec rF+ rC++ rN+ SInv}
   (You found it in the Dungeon)

   [ring of positive energy]

   It protects you from fire.
   It greatly protects you from cold.
   It insulates you from electricity.
   It protects you from negative energy.
   It lets you see invisible.
 D - an amulet of reflection (around neck)
Wands
 j - a wand of random effects (24)
Scrolls
 l - 5 scrolls of remove curse
 m - a scroll of summoning
 u - a scroll of holy word
 x - 6 scrolls of enchant armour
 y - 2 scrolls of enchant weapon
 z - a scroll of fear
 A - a scroll of identify
Potions
 e - 6 potions of curing
 f - 2 potions of heal wounds
 g - 2 potions of haste
 h - 5 potions of magic
 i - 6 potions of berserk rage
 n - 2 potions of attraction
 q - 2 potions of mutation
 E - a potion of resistance
Miscellaneous
 p - a tin of tremorstones (2/2)
 F - a box of beasts


   Skills:
 + Level 26.7 Fighting
 O Level 27 Axes
 + Level 22.3 Armour
 + Level 9.3 Dodging
 + Level 8.6 Stealth
 O Level 27 Shields
 + Level 4.5 Evocations


You had 15 spell levels left.
You didn't know any spells.
Your spell library was empty.

Dungeon Overview and Level Annotations

Branches:
Dungeon (1/1)

Altars:
Ashenzari
Cheibriados
Dithmenos
Elyvilon
Fedhas
Gozag
Hepliaklqana
Kikubaaqudgha
Makhleb
Nemelex Xobeh
Okawaru
Qazlal
Ru
Sif Muna
Trog
Uskayaw
Vehumet
Wu Jian
Xom
Yredelemnul
Zin
The Shining One
Beogh
Jiyva
Lugonu

Annotations:
D Serpent of Hell


Innate Abilities, Weirdness & Mutations

You reflexively headbutt those who attack you in melee.
You have a pair of horns on your head.


Message History

* * * LOW HITPOINT WARNING * * *
You are engulfed in flames!
You resist.
* * * LOW HITPOINT WARNING * * *
The Serpent of Hell bites you!
* * * LOW HITPOINT WARNING * * *
You are engulfed in flames!
You resist.
* * * LOW HITPOINT WARNING * * *
You block the Serpent of Hell's attack.
The Serpent of Hell claws you but does no damage.
You block the Serpent of Hell's attack.
The Brimstone Fiend calls on the powers of darkness!
Your body is wracked with pain!
* * * LOW HITPOINT WARNING * * *
You hit the Serpent of Hell.
The Serpent of Hell is moderately wounded.
You hit the Brimstone Fiend. You block the Serpent of Hell's attack.
The Serpent of Hell bites you.
* * * LOW HITPOINT WARNING * * *
You are engulfed in flames!
You resist.
You die...

#########
........#
........# #'# #
### ### #'#
##°###°###.#####.#
+.°D@°°.))..'.##'#
##°1##°###)'####.#
### ###.###.###'#
#...'...##)#
##.##))###'#
#'#.### #.#
##.###.###'#
#...'...##.#
#'.##÷)###'#


You could see the Serpent of Hell (catching breath) and a Brimstone Fiend.

Vanquished Creatures
  Gloorx Vloq (D)
  An ancient lich (D)
  A royal mummy (D)
  A curse toe (D)
  A pearl dragon (D)
  A Tzitzimitl (D)
  2 electric golems (D)
  A Brimstone Fiend (D)
  Rupert (D)
  2 liches (D)
  An Ice Fiend (D)
  A titan (D)
  A Hell Sentinel (D)
  A deep elf blademaster (D)
  A death cob (D)
  A sphinx (D)
  A shadow dragon (D)
  3 storm dragons (D)
  A nagaraja (D)
  An azure jelly (D)
  A draconian scorcher (D)
  A ghost moth (D)
  An orc warlord (D)
  A balrug (D)
  An emperor scorpion (D)
  A draconian stormcaller (D)
  A draconian annihilator (D)
  A vampire knight (D)
  A purple draconian (D)
  A white draconian (D)
  A deep elf death mage (D)
  3 green deaths (D)
  A fire dragon (D)
  2 yaktaur captains (D)
  A hydra (D)
  3 great orbs of eyes (D)
  Harold (D)
  4 vault guards (D)
  A boulder beetle (D)
  An alligator snapping turtle (D)
  An anaconda (D)
  A merfolk aquamancer (D)
  2 spriggan berserkers (D)
  2 deep elf knights (D)
  A sun demon (D)
  3 skeletal warriors (D)
  A sixfirhy (D)
  A deep troll (D)
  A death drake (D)
  A deep elf pyromancer (D)
  11 orc knights (D)
  Pikel (D)
  A guardian serpent (D)
  3 elephants (D)
  A molten gargoyle (D)
  3 black mambas (D)
  A demonic crawler (D)
  A freezing wraith (D)
  A red devil (D)
  A troll (D)
  2 merfolk (D)
  A polar bear (D)
  A wind drake (D)
  A snapping turtle (D)
  10 dream sheep (D)
  3 wraiths (D)
  3 flying skulls (D)
  A water elemental (D)
  4 yaks (D)
  A fire bat (D)
  3 steam dragons (D)
  A warg (D)
  2 nagas (D)
  A large abomination (D)
  Duvessa (D)
  A water moccasin (D)
  An acid dragon (D)
  4 floating eyes (D)
  An ice beast (D)
  An orc warrior (D)
  An ogre (D)
  11 wolves (D)
  2 eyes of draining (D)
  A gnoll sergeant (D)
  Dowan (D)
  2 scorpions (D)
  2 jellies (D)
  An orc priest (D)
  2 orc wizards (D)
  A hell rat (D)
  2 mummies (D)
  5 gnolls (D)
  A river rat (D)
  An adder skeleton (D)
  A worm (D)
  3 orcs (D)
  2 ball pythons (D)
  A hobgoblin (D)
  A kobold (D)
  3 goblins (D)
  A jackal skeleton (D)
  A quokka simulacrum (D)
  A rat (D)
180 creatures vanquished.

Vanquished Creatures (collateral kills)
  A deep elf blademaster (D)
  A shadow dragon (D)
  2 emperor scorpions (D)
  An orc warlord (D)
  A minotaur (D)
  Azrael (D)
  A yaktaur captain (D)
  A naga warrior (D)
  A centaur warrior (D)
  A naga sharpshooter (D)
  A sixfirhy (D)
  An orc knight (D)
  2 wolf spiders (D)
  A red devil (D)
  Grum (D)
  A naga (D)
18 creatures vanquished.

Vanquished Creatures (others)
  A titan (D)
  A gnoll (D)
2 creatures vanquished.

Grand Total: 200 creatures vanquished

Notes
Turn   | Place    | Note
-------+----------+-------------------------------------------
     0 | D        | mhtbhm the Minotaur Fighter began the quest for the Orb.
     0 | D        | Reached XP level 1. HP: 19/19 MP: 0/0
    14 | D        | Reached XP level 2. HP: 26/28 MP: 1/1
    20 | D        | Found a bloodstained altar of Trog.
    20 | D        | Found a shimmering blue altar of Sif Muna.
    20 | D        | Found a viscous altar of Jiyva.
    20 | D        | Found a hazy altar of Hepliaklqana.
    20 | D        | Found an opulent altar of Gozag.
    21 | D        | Found a glowing golden altar of the Shining One.
    21 | D        | Found a glowing silver altar of Zin.
    21 | D        | Found a basalt altar of Yredelemnul.
    21 | D        | Found a shimmering altar of Xom.
    21 | D        | Found an ornate altar of the Wu Jian Council.
    21 | D        | Found a sacrificial altar of Ru.
    21 | D        | Found a stormy altar of Qazlal.
    21 | D        | Found an iron altar of Okawaru.
    21 | D        | Found a sparkling altar of Nemelex Xobeh.
    21 | D        | Found a burning altar of Makhleb.
    21 | D        | Found a blossoming altar of Fedhas.
    21 | D        | Found a white marble altar of Elyvilon.
    21 | D        | Found a shadowy altar of Dithmenos.
    21 | D        | Found a snail-covered altar of Cheibriados.
    23 | D        | Found a radiant altar of Vehumet.
    23 | D        | Found a corrupted altar of Lugonu.
    23 | D        | Found a roughly hewn altar of Beogh.
    25 | D        | Became a worshipper of Trog the Wrathful
    64 | D        | Noticed a floating eye
    68 | D        | Killed a floating eye
    69 | D        | Reached XP level 3. HP: 39/39 MP: 2/2
    69 | D        | Reached XP level 4. HP: 47/47 MP: 3/3
    73 | D        | Noticed a floating eye
    74 | D        | Reached * piety under Trog
    78 | D        | Killed a floating eye
    79 | D        | Reached skill level 5 in Axes
    79 | D        | Reached XP level 5. HP: 56/56 MP: 4/4
    84 | D        | Reached ** piety under Trog
   152 | D        | Noticed Pikel
   152 | D        | Noticed a lemure
   152 | D        | Noticed a lemure
   152 | D        | Noticed a lemure
   152 | D        | Noticed a wolf
   156 | D        | Noticed a floating eye
   160 | D        | Killed Pikel
   161 | D        | Reached skill level 10 in Fighting
   161 | D        | Reached skill level 10 in Armour
   161 | D        | Reached skill level 10 in Shields
   161 | D        | Reached XP level 6. HP: 67/67 MP: 5/5
   161 | D        | Reached XP level 7. HP: 73/73 MP: 6/6
   162 | D        | Reached *** piety under Trog
   167 | D        | Reached **** piety under Trog
   174 | D        | Reached XP level 8. HP: 82/82 MP: 7/7
   174 | D        | Reached ***** piety under Trog
   229 | D        | Noticed a great orb of eyes
   237 | D        | Paralysed by a great orb of eyes for 3 turns
   245 | D        | Killed a great orb of eyes
   395 | D        | Noticed a flying skull
   395 | D        | Noticed a flying skull
   398 | D        | Killed a flying skull
   409 | D        | Killed a flying skull
   410 | D        | Reached skill level 1 in Dodging
   410 | D        | Reached XP level 9. HP: 83/91 MP: 8/8
   444 | D        | Noticed an elephant
   457 | D        | Killed an elephant
   457 | D        | Received a gift from Trog
   530 | D        | Got the +1 broad axe of the Thieving Shark {drain, *Contam
                  | +Rage Int+2 Dex+2}
   609 | D        | Found a hide-covered altar of Uskayaw.
   609 | D        | Found an ancient bone altar of Kikubaaqudgha.
   609 | D        | Found a broken altar of Ashenzari.
   658 | D        | Reached ****** piety under Trog
   658 | D        | Received a gift from Trog
   928 | D        | Noticed a black mamba
   929 | D        | Noticed Duvessa
   929 | D        | Noticed Dowan
   929 | D        | Noticed Grum
   929 | D        | Noticed a red devil
   929 | D        | Noticed an elephant
   932 | D        | Killed a black mamba
   933 | D        | Reached skill level 1 in Stealth
   937 | D        | Killed Duvessa
   937 | D        | Noticed a sixfirhy
   940 | D        | Killed an elephant
   941 | D        | Reached XP level 10. HP: 66/102 MP: 9/9
   943 | D        | Received a gift from Trog
   943 | D        | Killed Dowan
   948 | D        | HP: 5/102 [Grum/+1 glaive (8)]
   952 | D        | Killed a sixfirhy
   953 | D        | Reached skill level 15 in Axes
   956 | D        | Killed Grum
   956 | D        | Received a gift from Trog
  1252 | D        | Noticed a boulder beetle
  1279 | D        | Killed a boulder beetle
  1290 | D        | Received a gift from Trog
  1291 | D        | Reached skill level 15 in Shields
  1305 | D        | Reached skill level 15 in Fighting
  1634 | D        | Noticed a death cob
  1656 | D        | Killed a death cob
  1657 | D        | Reached XP level 11. HP: 23/113 MP: 10/10
  2098 | D        | Noticed an alligator snapping turtle
  2099 | D        | Noticed an orc knight
  2133 | D        | Noticed an anaconda
  2138 | D        | Noticed Harold
  2144 | D        | Received a gift from Trog
  2146 | D        | Killed an orc knight
  2150 | D        | Killed an alligator snapping turtle
  2152 | D        | Killed Harold
  2152 | D        | Received a gift from Trog
  2153 | D        | Reached skill level 15 in Armour
  2155 | D        | Killed an anaconda
  2626 | D        | Received a gift from Trog
  2911 | D        | Noticed Rupert
  2926 | D        | Killed Rupert
  2927 | D        | Reached XP level 12. HP: 125/125 MP: 11/11
  2980 | D        | Received a gift from Trog
  3203 | D        | Noticed a great orb of eyes
  3204 | D        | Paralysed by a great orb of eyes for 6 turns
  3212 | D        | Reached skill level 5 in Dodging
  3212 | D        | Paralysed by a great orb of eyes for 3 turns
  3218 | D        | Killed a great orb of eyes
  3302 | D        | Noticed a seven-headed hydra
  3302 | D        | Noticed a deep elf blademaster
  3302 | D        | Noticed a minotaur
  3302 | D        | Noticed an emperor scorpion
  3302 | D        | Noticed Azrael
  3305 | D        | Received a gift from Trog
  3309 | D        | Killed a ten-headed hydra
  3316 | D        | Killed a minotaur
  3324 | D        | Killed Azrael
  3327 | D        | Killed a deep elf blademaster
  3327 | D        | Received a gift from Trog
  3329 | D        | Killed an emperor scorpion
  3357 | D        | Got the ring of Nassamen {rElec rF+ rC++ rN+ SInv}
  3855 | D        | Noticed a great orb of eyes
  3863 | D        | Noticed a sphinx
  3864 | D        | Killed a great orb of eyes
  3873 | D        | Killed a sphinx
  3874 | D        | Noticed a yaktaur captain
  3882 | D        | Killed a yaktaur captain
  3882 | D        | Received a gift from Trog
  3894 | D        | Reached XP level 13. HP: 135/136 MP: 7/12
  3934 | D        | Noticed a nagaraja
  3942 | D        | Killed a nagaraja
  3942 | D        | Received a gift from Trog
  3948 | D        | Noticed a vampire knight
  3956 | D        | Killed a vampire knight
  4011 | D        | Noticed an emperor scorpion
  4021 | D        | Killed an emperor scorpion
  4026 | D        | Received a gift from Trog
  4095 | D        | Noticed a white draconian
  4103 | D        | Noticed an emperor scorpion
  4107 | D        | Killed a white draconian
  4114 | D        | Killed an emperor scorpion
  4405 | D        | Noticed an electric golem
  4421 | D        | Killed an electric golem
  4641 | D        | Noticed a purple draconian annihilator
  4649 | D        | Killed a purple draconian annihilator
  4649 | D        | Received a gift from Trog
  4701 | D        | Noticed a ghost moth
  4705 | D        | Killed a ghost moth
  4797 | D        | Noticed a deep elf death mage
  4801 | D        | Killed a deep elf death mage
  4851 | D        | Noticed a balrug
  4856 | D        | Killed a balrug
  4924 | D        | Noticed a shadow dragon
  4925 | D        | Noticed an orc warlord
  4925 | D        | Noticed an orc warlord
  4927 | D        | Received a gift from Trog
  4932 | D        | Killed a shadow dragon
  4936 | D        | Received a gift from Trog
  4936 | D        | Noticed a storm dragon
  4939 | D        | Killed an orc warlord
  4940 | D        | Reached XP level 14. HP: 77/151 MP: 13/13
  4946 | D        | Received a gift from Trog
  4967 | D        | Killed a storm dragon
  4967 | D        | Received a gift from Trog
  4968 | D        | Reached skill level 5 in Stealth
  4968 | D        | Reached skill level 1 in Evocations
  4994 | D        | Received a gift from Trog
  4996 | D        | Killed an orc warlord
  5008 | D        | Received a gift from Trog
  5235 | D        | Got a crystal broad axe {god gift}
  5236 | D        | Identified the +7 broad axe of the Common Good {flame,
                  | rPois} (Trog gifted it to you in the Dungeon)
  5361 | D        | Got the +12 dire flail "Cunwy" {vorpal, rC- rN++}
  5415 | D        | Found the +3 robe of Folly {Archmagi, Will-- Int+5}
  5608 | D        | Noticed a green draconian stormcaller
  5608 | D        | Noticed a royal mummy
  5608 | D        | Noticed an azure jelly
  5608 | D        | Noticed a shadow dragon
  5621 | D        | Killed a shadow dragon
  5624 | D        | Killed an azure jelly
  5635 | D        | Received a gift from Trog
  5639 | D        | Noticed an emperor scorpion
  5639 | D        | Noticed an emperor scorpion
  5639 | D        | Noticed an emperor scorpion
  5639 | D        | Noticed an emperor scorpion
  5642 | D        | Killed a green draconian stormcaller
  5667 | D        | Noticed an emperor scorpion
  5673 | D        | Noticed an emperor scorpion
  5677 | D        | Killed a royal mummy
  6159 | D        | Noticed an Ice Fiend
  6164 | D        | Killed an Ice Fiend
  6205 | D        | Noticed an ancient lich
  6218 | D        | Killed an ancient lich
  6219 | D        | Reached XP level 15. HP: 155/165 MP: 14/14
  6394 | D        | Noticed a lich
  6400 | D        | Killed a lich
  6413 | D        | Noticed a Tzitzimitl
  6417 | D        | Killed a Tzitzimitl
  6417 | D        | Received a gift from Trog
  6501 | D        | Noticed a storm dragon
  6515 | D        | Killed a storm dragon
  6687 | D        | Noticed a Hell Sentinel
  6697 | D        | Killed a Hell Sentinel
  6741 | D        | Noticed a curse toe
  6750 | D        | Killed a curse toe
  7043 | D        | Noticed a titan
  7048 | D        | Killed a titan
  7098 | D        | Noticed a pearl dragon
  7109 | D        | Killed a pearl dragon
  7109 | D        | Received a gift from Trog
  7184 | D        | Noticed a lich
  7189 | D        | Killed a lich
  7309 | D        | Noticed an electric golem
  7325 | D        | Killed an electric golem
  7392 | D        | Noticed a black draconian scorcher
  7396 | D        | Killed a black draconian scorcher
  7396 | D        | Received a gift from Trog
  7505 | D        | Noticed a storm dragon
  7513 | D        | Killed a storm dragon
  7554 | D        | Noticed a Brimstone Fiend
  7565 | D        | Killed a Brimstone Fiend
  7619 | D        | Noticed Gloorx Vloq
  7619 | D        | Noticed a deep elf blademaster
  7623 | D        | Noticed an Executioner
  7623 | D        | Noticed an Executioner
  7623 | D        | Noticed an Executioner
  7635 | D        | Killed Gloorx Vloq
  7636 | D        | Reached skill level 27 in Axes
  7636 | D        | Reached skill level 27 in Shields
  7636 | D        | Reached XP level 16. HP: 34/182 MP: 15/15
  7638 | D        | Killed a deep elf blademaster
  7638 | D        | Received a gift from Trog
  8023 | D        | Got a twisted war axe {god gift}
  8024 | D        | Identified the +3 war axe "Moahah" {vorpal, Str+2 Dex+3
                  | SInv} (Trog gifted it to you in the Dungeon)
  8035 | D        | Noticed the Serpent of Hell
  8035 | D        | Noticed a Brimstone Fiend
  8037 | D        | Noticed a golden dragon
  8038 | D        | Noticed a titan
  8040 | D        | Killed a titan
  8043 | D        | HP: 6/273 [the Serpent of Hell (13)]
  8044 | D        | HP: 2/273 [the Serpent of Hell (4)]
  8044 | D        | Mangled by the Serpent of Hell

Illustrated notes

Levels and vault maps discovered:
D:        pitsprint [storerooms_1, entrance_room_1, metal_vault_3, armoury_1,
          mini_pit_1, grid_room_1, main_hall_1, silver_pit, the_coven_1,
          the_vestibule_1, steel_vault_3, golden_pit, hallway_of_sentries,
          crystal_vault_1, iron_vault_1, final_vault]

Skill      XL: |  1  2  3  4  5  6  7  8  9 10 11 12 13 14 15 |
---------------+----------------------------------------------+-----
Fighting       | 4 7 8 10 11 12 13 15 17 18 21 23 26 | 26.7
Armour         | 4 6 8 10 11 12 13 14 15 17 18 19 22 | 22.3
Shields        | 4 7 8 10 11 12 14 15 17 19 21 24 27 | 27.0
Axes           | 4 5 7 9 11 14 17 19 21 23 24 27 | 27.0
Dodging        | 1 2 4 6 9 |  9.3
Stealth        | 1 2 8 |  8.6
Evocations     | 3 4 |  4.5

Action                   |  1- 3 |  4- 6 |  7- 9 | 10-12 | 13-15 | 16-18 || total
-------------------------+-------+-------+-------+-------+-------+-------++-------
Melee: War axe           |     2 |       |       |       |   100 |       ||   102
       Hand axe          |     4 |    14 |    59 |       |       |       ||    77
       Headbutt          |       |     3 |    23 |    59 |    91 |     3 ||   179
       Broad axe         |       |       |    21 |   182 |   262 |    10 ||   475
Invok: Berserk           |       |     1 |     2 |     5 |    18 |     1 ||    27
       Brothers in Arms  |       |       |       |     3 |     7 |       ||    10
       Trog's Hand       |       |       |       |       |     2 |       ||     2
Evoke: Tin of tremorston |       |       |       |       |     8 |       ||     8
       Box of beasts     |       |       |       |       |     1 |       ||     1
  Use: Potion            |       |       |       |     6 |    14 |       ||    20
       Scroll            |       |       |       |     2 |       |       ||     2
 Stab: Invisible         |       |       |       |       |    14 |       ||    14
Armor: Chain mail        |       |     1 |    29 |    81 |    46 |       ||   157
       Crystal plate arm |       |       |       |       |    99 |     4 ||   103
Dodge: Dodged            |       |     2 |    19 |    65 |    69 |     2 ||   157
Block: Kite shield       |     3 |     3 |    44 |   130 |   291 |     6 ||   477
       Reflection        |       |       |       |       |     3 |       ||     3

Table legend: (Time is in decaauts)
 A = Elapsed time spent in this place.
 B = Non-inter-level travel time spent in this place.
 C = Inter-level travel time spent in this place.
 D = Time resting spent in this place.
 E = Time spent auto-exploring this place.
 F = Levels seen in this place.
 G = Mean time per level.
                   A        B        C        D        E       F      G
               +--------+--------+--------+--------+--------+-----+--------+
         Total |   8124 |   8124 |      0 |   5818 |    242 |   1 | 8124.0 |
       Dungeon |   8124 |   8124 |      0 |   5818 |    242 |   1 | 8124.0 |
               +--------+--------+--------+--------+--------+-----+--------+

Top non-repeatable levels by time:
       D: 8124 daAuts
